AoeStats
← The Scampy

Arabia

504432011Analyzed
4v4 RM · 25d ago on Sep 5, 2026· 59m 0s· 8 players
Game mode
Random Map
Map size
Large (8 player)
Population
200
Speed
Normal
Resources
Standard
Victory
Conquest
Starting age
Dark Age
Ending age
Imperial Age
RankedLock teamsTeams togetherTeam positionsShared explorationLock speedFull tech treeHidden civsTurbo modeCheats
Victory
Defeat
🇮🇩 Khitans · Indonesia
928
+13
🇨🇳 Hindustanis · China
913
+14
🇹🇷 Lithuanians · Türkiye
903
+14
🇦🇷 Khmer · Argentina
898
+14
🇩🇪 Mapuche · Germany
876
-14
🇩🇪 Magyars · Germany
874
-14
🇩🇪 Khmer · Germany
861
-14
🇩🇪 Italians · Germany
850
-13
812
7:00 Loom
10:06 Feudal Age
8:23 Loom
10:44 Horse Collar
13:48 Town Watch
15:56 Bloodlines
21:45 Castle Age
19:49 Double-Bit Axe
20:09 Gold Mining
21:27 Fletching
26:12 Padded Archer Armor
26:07 Bodkin Arrow
36:00 Bow Saw
40:27 Gold Shaft Mining
42:51 Imperial Age
43:44 Stone Mining
44:12 Masonry
45:54 Husbandry
45:15 Cavalier
46:23 Scale Barding Armor
46:29 Forging
48:03 Light Cavalry
53:07 Iron Casting
53:04 Chain Barding Armor
53:21 Caravan
55:02 Hussar
56:59 Plate Barding Armor
57:24 Blast Furnace
58:58 Fortified Wall
58:50 Murder Holes
Age Of Vampires
1:44 Loom
12:52 Feudal Age
17:47 Double-Bit Axe
17:54 Domestication
20:47 Castle Age
20:56 Gold Mining
20:56 Stone Mining
22:21 Wheelbarrow
22:09 Forging
21:59 Scale Mail Armor
24:21 Bow Saw
25:45 Stone Shaft Mining
27:10 Scale Barding Armor
27:40 Iron Casting
30:11 Chain Barding Armor
30:26 Iron Casting
34:37 Imperial Age
32:47 Fletching
32:57 Padded Archer Armor
33:23 Bodkin Arrow
34:10 Heavy Cavalry Archer
34:55 Thumb Ring
36:08 Hand Cart
36:40 Husbandry
37:18 Plate Barding Armor
37:57 Leather Archer Armor
37:36 Light Cavalry
39:15 Parthian Tactics
40:03 Squires
40:24 Chain Mail Armor
41:42 Heavy Camel Rider
42:31 Bracer
44:45 Ballistics
44:07 Hussar
45:33 Ring Archer Armor
45:34 Plate Mail Armor
55:57 Chemistry
雷欧
10:32 Feudal Age
11:01 Double-Bit Axe
11:42 Horse Collar
15:06 Loom
21:56 Castle Age
23:30 Heavy Plow
23:57 Bow Saw
24:55 Bloodlines
24:46 Husbandry
27:23 Wheelbarrow
33:37 Imperial Age
32:58 Fletching
35:02 Bodkin Arrow
39:23 Scale Barding Armor
39:19 Bracer
42:56 Gold Mining
42:56 Stone Mining
42:57 Light Cavalry
44:39 Chain Barding Armor
45:44 Gold Shaft Mining
45:53 Heavy Camel Rider
51:02 Plate Barding Armor
50:10 Imperial Camel Rider
53:30 Forging
demir perde
4:59 Loom
11:37 Feudal Age
12:22 Double-Bit Axe
17:01 Horse Collar
22:31 Castle Age
22:58 Scale Barding Armor
23:04 Forging
24:21 Wheelbarrow
23:30 Fishing Lines
25:15 Gold Mining
25:15 Stone Mining
25:37 Bow Saw
25:29 Heavy Plow
27:29 Stone Shaft Mining
27:31 Iron Casting
27:16 Chain Barding Armor
31:00 Hand Cart
30:30 Town Watch
30:42 Gillnets
32:02 Hill Forts
35:52 Imperial Age
34:09 Fletching
38:26 Conscription
37:44 Elite Leitis
39:02 Hoardings
40:40 Plate Barding Armor
40:58 Crop Rotation
41:30 Two-Man Saw
40:28 Bodkin Arrow
41:14 Padded Archer Armor
40:36 Elite Skirmisher
41:21 Thumb Ring
41:19 Scale Mail Armor
41:43 Ballistics
42:23 Chemistry
41:05 Treadmill Crane
41:20 Murder Holes
41:36 Masonry
41:30 Tower Shields
42:24 Husbandry
42:35 Bloodlines
42:45 Town Patrol
44:14 Chain Mail Armor
46:23 Leather Archer Armor
46:14 Bracer
50:32 Architecture
49:44 Pikeman
50:25 Squires
55:47 Leather Archer Armor
54:56 Light Cavalry
58:45 Guilds
58:41 Caravan
Red_Tiger
3:10 Loom
12:23 Feudal Age
17:52 Castle Age
19:44 Town Watch
19:47 Horse Collar
21:30 Double-Bit Axe
21:35 Pikeman
27:02 Scale Barding Armor
28:23 Heavy Plow
32:01 Bloodlines
34:23 Fletching
37:44 Husbandry
42:45 Imperial Age
40:52 Wheelbarrow
40:31 Padded Archer Armor
40:27 Bodkin Arrow
40:58 Ballistics
42:54 Cavalier
46:07 Chemistry
45:45 Conscription
44:46 Elite Genoese Crossbowman
49:45 Hoardings
49:46 Leather Archer Armor
51:37 Squires
55:24 Elite Skirmisher
xy
5:17 Loom
10:05 Feudal Age
12:15 Double-Bit Axe
17:28 Horse Collar
18:20 Fletching
21:45 Castle Age
21:22 Gold Mining
22:12 Bloodlines
25:42 Wheelbarrow
25:51 Bodkin Arrow
25:56 Padded Archer Armor
27:21 Bow Saw
27:19 Pikeman
31:51 Ballistics
32:51 Hand Cart
35:14 Town Watch
35:46 Scale Barding Armor
35:52 Corvinian Army
39:08 Chain Barding Armor
43:38 Thumb Ring
48:09 Imperial Age
48:25 Elite Magyar Huszar
51:29 Conscription
52:34 Plate Barding Armor
52:00 Bracer
52:04 Scale Mail Armor
The Scampy
5:35 Loom
11:19 Feudal Age
16:39 Castle Age
16:45 Double-Bit Axe
16:54 Gold Mining
17:14 Horse Collar
25:52 Wheelbarrow
25:24 Stone Mining
26:15 Heavy Plow
28:27 Bow Saw
29:41 Hand Cart
30:35 Gold Shaft Mining
32:59 Stone Shaft Mining
35:40 Imperial Age
34:57 Town Watch
35:03 Town Watch
36:22 Ballistics
36:13 Fortified Wall
38:02 Chemistry
37:28 Conscription
38:00 Double Crossbow
38:06 Fletching
38:19 Padded Archer Armor
37:54 Elite Ballista Elephant
40:23 Bodkin Arrow
40:45 Leather Archer Armor
40:31 Murder Holes
40:47 Masonry
40:30 Guard Tower
41:13 Bracer
44:03 Ring Archer Armor
43:45 Scale Barding Armor
43:46 Town Patrol
44:55 Caravan
45:34 Chain Barding Armor
45:17 Scale Mail Armor
49:33 Forging
50:01 Plate Barding Armor
56:37 Hoardings
56:36 Architecture
56:01 Capped Ram
fylla
7:19 Loom
10:54 Feudal Age
16:39 Castle Age
18:41 Fletching
21:26 Bodkin Arrow
24:59 Horse Collar
26:44 Double-Bit Axe
28:45 Padded Archer Armor
28:58 Bow Saw
28:36 Horse Collar
28:18 Elite Skirmisher
30:20 Ballistics
39:54 Imperial Age
37:10 Town Watch
40:08 Malon
40:27 Padded Archer Armor
41:04 Butalmapu
41:20 Conscription
43:11 Wheelbarrow
44:09 Elite Bolas Rider
46:23 Leather Archer Armor
50:11 Heavy Plow
49:39 Pikeman
51:16 Scale Mail Armor
51:27 Forging
52:02 Halberdier
53:00 Chain Mail Armor
Connection lost

Rejoining the realm…

Still unreachable

The connection could not be restored.

Session expired

The server has moved on; the page needs a fresh start.